 Dungeon Crawl Stone Soup version 0.23.2-1-ga50397a (webtiles) character file.

Game seed: 15684858077845807485

4769 Gadfly the Ruffian (level 10, -2/121 HPs)
             Began as a Grey Draconian Transmuter on Apr 19, 2019.
             Was a Believer of Wu Jian.
             Slain by Gastronok (26 damage)
             ... on level 8 of the Dungeon.
             The game lasted 00:35:42 (9984 turns).

Gadfly the Ruffian (Grey Draconian Transmuter)      Turns: 9984, Time: 00:35:45

Health: -2/121     AC: 25    Str: 14    XL:     10   Next: 23%
Magic:  11/18      EV:  2    Int: 15    God:    Wu Jian [**....]
Gold:   384        SH:  0    Dex: 12    Spells: 2/20 levels left

rFire    + + .     SeeInvis .     - Unarmed
rCold    . . .     Gourm    .   (no shield)
rNeg     + + +     Faith    .   (armour unavailable)
rPois    +         Spirit   .   (helmet currently unavailable)
rElec    .         Reflect  .   (cloak currently unavailable)
rCorr    .         Harm     .   (gloves currently unavailable)
MR       .....     NoTele   +   (boots currently unavailable)
Stlth    ..........             (no amulet)
HPRegen  0.30/turn              D - ring "Yqyocun" {rPois rF++ Stlth-}
MPRegen  0.16/turn              r - ring of wizardry

@: tree-form (expiring), berserk cooldown, slowed, very slow
A: (walk through water), unfitting armour, AC +12
a: Wall Jump, Renounce Religion


You were on level 8 of the Dungeon.
You worshipped Wu Jian.
Wu Jian was pleased with you.
You were hungry.
You were a tree.
You visited 1 branch of the dungeon, and saw 8 of its levels.
You also visited: Sewer and Ossuary.

You collected 384 gold pieces.

Inventory:

Hand Weapons
 n - a +2 trident of freezing
Missiles
 A - 109 arrows
 C - 11 tomahawks (quivered)
Armour
 h - a +1 hat of see invisible (melded)
 m - a +0 pair of boots (melded)
 F - a cursed +0 pair of gloves (melded)
Magical Staves
 a - an uncursed staff of power
Jewellery
 k - an uncursed ring of protection from magic
 r - a ring of wizardry (right branch)
 D - the ring "Yqyocun" (left branch) {rPois rF++ Stlth-}
   (You found it on level 6 of the Dungeon)

   [ring of attention]

   It greatly protects you from fire.
   It protects you from poison.
   It makes you less stealthy.
 G - an uncursed ring of fire
Wands
 u - a wand of polymorph (19)
 v - a wand of disintegration (11)
 w - a wand of flame (20)
Scrolls
 d - 5 scrolls of teleportation
 e - 3 scrolls of remove curse
 f - a scroll of fog
 l - 2 scrolls of blinking
 q - 2 scrolls of amnesia
 s - 2 scrolls of magic mapping
Potions
 b - a potion of flight
 g - a potion of resistance
 i - a potion of heal wounds
 j - 2 potions of cancellation
 o - a potion of haste
 p - a potion of invisibility
 t - 3 potions of mutation
 E - a potion of brilliance
Comestibles
 c - 9 rations


   Skills:
 + Level 5.1 Fighting
 * Level 6.4 Dodging
 * Level 7.3 Unarmed Combat
 + Level 5.5 Spellcasting
 * Level 2.9 Conjurations
 * Level 7.1 Transmutations
 * Level 3.3 Earth Magic
 * Level 3.6 Evocations


You had 2 spell levels left.
You knew the following spells:

 Your Spells              Type           Power        Failure   Level  Hunger
a - Beastly Appendage     Tmut           ####..       1%          1    None
b - Sticks to Snakes      Tmut           ####....     1%          2    #......
c - Spider Form           Tmut/Pois      ##........   4%          3    ###....
d - Blade Hands           Tmut           ####......   9%          5    ######.
e - Stone Arrow           Conj/Erth      ##....       5%          3    ###....
f - Petrify               Tmut/Erth      ###.....     8%          4    ####...

Your spell library contained the following spells:

 Spells                   Type           Power        Failure   Level  Hunger
 Sandblast                Erth           ##....       1%          1    None
 Passwall                 Tmut/Erth      ###.....     1%          2    #......
 Ice Form                 Ice/Tmut       ##......     14%         4    ####...
 Lee's Rapid Deconstruct  Erth           ##........   38%         5    ######.


Dungeon Overview and Level Annotations

Branches:
Dungeon (8/15)             Temple (0/1) D:6
   Lair: D:8-11

Altars:
Ashenzari
Elyvilon
Wu Jian

Annotations:
D:8 Gastronok


Innate Abilities, Weirdness & Mutations

((You can walk through water.))
((Your dull iron-grey scales are very hard. (AC +12)))
You cannot fit into any form of body armour.
((You can survive without breathing.))
((You are cold-blooded and may be slowed by cold attacks.))


Message History

Confirm with . or Enter, or press ? or * to list all spells.
Aiming: Stone Arrow (safe; 5% risk of failure)
Press: ? - help, Shift-Dir - straight line, f - Gastronok
Aim: Gastronok, wearing a +0 hat (heavily wounded, covering ground quickly)
The stone arrow hits Gastronok!
Gastronok is severely wounded.
You are feeling hungry.
Your ball python barely misses the rat.
Your ball python closely misses the rat.
Gastronok bites you!
* * * LOW HITPOINT WARNING * * *
You cannot move.
You cannot move.
Casting: Stone Arrow (safe; 5% risk of failure)
Confirm with . or Enter, or press ? or * to list all spells.
You create 2 snakes!
You now have 109 arrows.
Your ball python closely misses the rat. x2
Your ball python barely misses the rat.
Your ball python grabs the rat.
Your ball python constricts the rat.
Gastronok bites you!!
You die...

..## #...## .....##
### ......# #.##
##....... # ##..##
#........ .# #....#
####S....... ..#
#....######S♣wr.......
#..
#.....##..S###S.......
#.##........###
#†....... #.#.....####
#........ #.....###
#..$.$.$. ##....#
#........ #.#####
#........ ##.#
#........ #.##
##.......


You could see Gastronok, a rat, a friendly adder and 3 friendly ball pythons.

Vanquished Creatures
  The ghost of LobsterGuardian the Cleaver, a novice OpFi of Uskayaw (D:7)
  Joseph (D:7)
  A hippogriff (D:6)
  An orc warrior (D:6)
  2 ice beasts
  2 phantoms
  6 ogres
  A necrophage (D:4)
  2 centaurs (D:6)
  A big kobold (D:7)
  4 bullfrogs
  A gnoll sergeant (D:6)
  An elf zombie (Ossuary)
  A water moccasin zombie (D:5)
  4 killer bees (D:8)
  2 howler monkeys
  3 crimson imps
  A bullfrog zombie (D:8)
  2 centaur zombies (Ossuary)
  A jelly (D:5)
  8 hounds
  4 orc wizards
  An orc priest (D:6)
  2 human zombies (Ossuary)
  A centaur skeleton (D:6)
  3 iguanas
  4 worker ants
  A bullfrog simulacrum (D:7)
  A hound skeleton (D:7)
  3 mummies
  A worker ant zombie (D:8)
  8 gnolls (D:6)
  A howler monkey zombie (D:5)
  2 howler monkey skeletons
  15 adders
  3 shadow imps
  A worker ant simulacrum (D:7)
  13 oozes
  2 adder zombies (Ossuary)
  3 worms
  4 dart slugs
  23 leopard geckos
  15 orcs
  8 ball pythons (Sewer)
  16 giant cockroaches
  7 goblins
  5 hobgoblins
  5 jackals (D:7)
  6 quokkas
  8 bats
  18 frilled lizards
  11 hobgoblin zombies (Ossuary)
  2 jackal zombies (Ossuary)
  17 kobolds
  6 kobold zombies (Ossuary)
  A leopard gecko skeleton (D:5)
  8 orc zombies (Ossuary)
  10 rats
  3 rat zombies (Ossuary)
288 creatures vanquished.

Vanquished Creatures (collateral kills)
  A hippogriff (D:6)
  An ogre (D:6)
  A leopard gecko (D:6)
  A jackal (D:7)
4 creatures vanquished.

Grand Total: 292 creatures vanquished

Notes
Turn   | Place    | Note
-------+----------+-------------------------------------------
     0 | D:1      | Gadfly the Draconian Transmuter began the quest for the
                  | Orb.
     0 | D:1      | Reached XP level 1. HP: 16/16 MP: 3/3
   125 | D:1      | Reached XP level 2. HP: 14/23 MP: 3/5
   200 | D:1      | Learned a level 2 spell: Sticks to Snakes
   703 | D:1      | Reached XP level 3. HP: 25/28 MP: 6/6
   711 | D:1      | Learned a level 3 spell: Spider Form
  1500 | D:2      | Reached XP level 4. HP: 28/35 MP: 7/7
  2242 | D:3      | Noticed a phantom
  2317 | D:3      | Killed a phantom
  2317 | D:3      | Reached XP level 5. HP: 11/41 MP: 7/9
  3149 | D:4      | Found a shattered altar of Ashenzari.
  3186 | D:4      | Noticed a necrophage
  3201 | D:4      | Killed a necrophage
  3201 | D:4      | Reached XP level 6. HP: 38/47 MP: 10/10
  3570 | D:4      | Found a glowing drain.
  3577 | Sewer    | Entered a sewer
  3615 | Sewer    | Learned a level 5 spell: Blade Hands
  3973 | Sewer    | Your scales start taking on a dull iron-grey colour.
  3973 | Sewer    | Reached XP level 7. HP: 44/53 MP: 12/12
  3973 | Sewer    | Gained mutation: You can survive without breathing. [Grey
                  | Draconian growth]
  4330 | D:4      | Reached skill level 5 in Unarmed Combat
  4789 | D:5      | Entered Level 5 of the Dungeon
  4851 | D:5      | Found a sand-covered staircase.
  4862 | Ossuary  | Entered an ossuary
  5046 | Ossuary  | Reached XP level 8. HP: 48/63 MP: 14/14
  5431 | D:5      | Reached skill level 5 in Transmutations
  5620 | D:5      | Found an ornate altar of the Wu Jian Council.
  5772 | D:5      | Became a worshipper of the Wu Jian Council
  6037 | D:6      | Noticed a hippogriff
  6052 | D:6      | Killed a hippogriff
  6056 | D:6      | Reached skill level 5 in Dodging
  6229 | D:6      | Reached skill level 1 in Evocations
  6408 | D:6      | Found a staircase to the Ecumenical Temple.
  6558 | D:6      | Reached XP level 9. HP: 71/71 MP: 11/16
  6625 | D:6      | Found a white marble altar of Elyvilon.
  6633 | D:6      | Reached skill level 5 in Spellcasting
  6678 | D:6      | Reached * piety under Wu Jian
  6998 | D:6      | Learned a level 3 spell: Stone Arrow
  7003 | D:6      | Learned a level 4 spell: Petrify
  7008 | D:6      | Got a wavering ivory ring
  7010 | D:6      | Identified the ring "Yqyocun" {rPois rF++ Stlth-} (You
                  | found it on level 6 of the Dungeon)
  7504 | D:6      | Found a shattered altar of Ashenzari.
  7674 | D:7      | Reached skill level 1 in Earth Magic
  7687 | D:7      | Reached skill level 1 in Conjurations
  8036 | D:7      | Noticed Joseph
  8063 | D:7      | HP: 2/73 [Joseph/sling bullet (6)]
  8410 | D:7      | Killed Joseph
  8725 | D:7      | Identified a scroll of acquirement
  8819 | D:7      | Reached ** piety under Wu Jian
  8953 | D:7      | Found a runed translucent gate.
  8953 | D:7      | Found a runed translucent gate.
  8954 | D:7      | Found a runed translucent gate.
  8956 | D:7      | Noticed LobsterGuardian's ghost (novice OpFi)
  9025 | D:7      | Reached skill level 5 in Fighting
  9232 | D:7      | Reached XP level 10. HP: 60/81 MP: 18/18
  9241 | D:7      | Killed LobsterGuardian's ghost
  9951 | D:8      | Noticed Gastronok
  9984 | D:8      | Slain by Gastronok

Skill      XL: |  1  2  3  4  5  6  7  8  9 10 |
---------------+-------------------------------+-----
Dodging        | 2 3 4 5 6 |  6.4
Fighting       | 2 3 4 5 |  5.1
Transmutations | 3 4 5 6 7 |  7.1
Unarmed Combat | 4 5 6 7 |  7.3
Spellcasting   | 3 4 5 |  5.5
Evocations     | 1 3 |  3.6
Earth Magic    | 2 3 |  3.3
Conjurations   | 2 |  2.9

Action                   |  1- 3 |  4- 6 |  7- 9 | 10-12 || total
-------------------------+-------+-------+-------+-------++-------
Melee: Unarmed           |   153 |   168 |   185 |    43 ||   549
       Tailslap          |    11 |    13 |    59 |     1 ||    84
       Headbutt          |     4 |     2 |    35 |     3 ||    44
       Punch             |     1 |     3 |     9 |     3 ||    16
       Kick              |     3 |     4 |       |       ||     7
       Trident           |       |   211 |   366 |       ||   577
       Staff             |       |       |    43 |    12 ||    55
 Cast: Beastly Appendage |    12 |     5 |    16 |     1 ||    34
       Spider Form       |     3 |     5 |     8 |     2 ||    18
       Sticks to Snakes  |     2 |       |     5 |     2 ||     9
       Blade Hands       |       |       |     6 |     2 ||     8
       Stone Arrow       |       |       |     3 |     3 ||     6
       Petrify           |       |       |     2 |       ||     2
Invok: Lunge             |       |       |    12 |     2 ||    14
       Whirlwind         |       |       |     4 |     1 ||     5
  Use: Scroll            |     2 |    11 |     9 |     1 ||    23
       Potion            |       |       |     2 |     3 ||     5
 Stab: Distracted        |       |       |     2 |       ||     2
  Eat: Chunk             |     3 |    10 |    17 |     1 ||    31
       Ration            |       |       |     1 |     1 ||     2
Armor: Skin              |    49 |   146 |   208 |    13 ||   416
Dodge: Dodged            |   110 |   320 |   528 |    74 ||  1032
